[Event "Polish Youth G18 Championship 2023"]
[Site "Jastrzebia Gora"]
[Date "2023.03.18"]
[Round "8.5"]
[White "Nowak, Roksana"]
[Black "Arciszewska, Zuzanna"]
[Result "1-0"]
[ECO "C78"]
[WhiteElo "1816"]
[BlackElo "1750"]
[Annotator "NA RC COMBH"]
[PlyCount "119"]
[EventDate "2023.03.11"]
[EventType "swiss"]
[EventCountry "POL"]
[SourceTitle "playchess.com"]
[Source "ChessBase"]
[SourceQuality "1"]
[TimeControl "40/5400+30:1800+30"]

1. e4 e5 2. Nf3 Nc6 3. Bb5 a6 4. Ba4 Nf6 5. O-O b5 6. Bb3 Bc5 7. c3 d6 8. d4 Bb6 9. a4 Rb8 10. Qd3 Bd7 11. d5 Ne7 12. Bg5 Ng6 13. Nh4 (13. a5 $5 Bc5 14. Nh4 $11) 13... h6 14. Nxg6 fxg6 15. Be3 O-O 16. Bxb6 Rxb6 17. a5 Rb8 18. f4 exf4 19. Rxf4 Qe7 ({Better is} 19... g5 $17 20. Rf1 Ng4) 20. Nd2 g5 21. Rff1 Ng4 22. Nf3 Rbe8 23. Rae1 Ne5 $11 24. Qd4 Bg4 25. Nxe5 Rxf1+ 26. Rxf1 Qxe5 27. Qf2 Bh5 28. Bc2 Bg6 29. Re1 Qf4 30. Qxf4 gxf4 31. Bd3 Bf7 32. Kf2 g5 33. c4 bxc4 34. Bxc4 Rb8 35. b3 Be8 36. e5 Bb5 37. exd6 cxd6 38. Re6 Kf7 39. Rxd6 Bxc4 40. bxc4 g4 41. Rb6 Rc8 {[%emt 0:02:13] [#]} 42. Rb4 $1 ({Weaker is} 42. Rxh6 Rxc4 43. Rxa6 Rc2+ 44. Ke1 Rxg2 $11) 42... Rc5 43. Ra4 Kf6 44. Ke2 Kf5 45. Kd3 Rc8 46. Ra2 f3 47. Rd2 Ke5 48. gxf3 gxf3 49. Ke3 Kd6 50. Kd4 Rg8 51. c5+ Kc7 52. Ke3 Rf8 53. Rf2 Rf5 54. Ke4 Rh5 55. Rxf3 Rxh2 56. Rf7+ Kd8 57. Ke5 Rg2 58. c6 h5 59. Rh7 Rg5+ 60. Kd6 1-0

[Event "Polish Youth G18 Championship 2023"]
[Site "Jastrzebia Gora"]
[Date "2023.03.18"]
[Round "8.6"]
[White "Barwinska, Ewa"]
[Black "Bialek, Alicja"]
[Result "1-0"]
[ECO "D00"]
[WhiteElo "1963"]
[BlackElo "1576"]
[Annotator "TA"]
[PlyCount "47"]
[EventDate "2023.03.11"]
[EventType "swiss"]
[EventCountry "POL"]
[SourceTitle "playchess.com"]
[Source "ChessBase"]
[SourceQuality "1"]
[TimeControl "40/5400+30:1800+30"]

1. d4 d5 2. Nc3 c5 3. e4 dxe4 4. d5 f5 5. Bf4 {[%emt 0:06:02] [#]} a6 $146 ({Predecessor:} 5... Nf6 6. Qd2 a6 7. a4 Nbd7 8. Bc4 Nh5 9. Nge2 Nxf4 10. Nxf4 Ne5 11. Be2 Qd6 {0-1 Sigurdsson,S (2000)-Danielsson,S (1721) ISL-ch Online Rapid 2020 (6)}) 6. a4 {[%emt 0:03:25] D00: 1 d4 d5: Unusual lines.} (6. f3 {with more complications.} Nf6 7. Nh3 e5 8. dxe6 Nc6 9. Qxd8+ Nxd8 10. O-O-O) 6... Nf6 7. Bc4 {[%emt 0:04:15] [#]} e6 8. Nge2 (8. dxe6 $14 Nc6 9. Bg5) 8... exd5 (8... e5 $1 $15 9. Bxe5 Bd6) 9. Nxd5 $14 Nxd5 10. Bxd5 {[%emt 0:00:01][%cal Od5f7] Bf7+! would be deadly.} Nd7 ({Black should try} 10... Nc6 $11) 11. c3 {[%emt 0:08:35] White has more active pieces. The black rooks are badly placed.} (11. Nc3 $14) 11... Be7 $11 12. Qb3 $36 {[%emt 0:03:43][%cal Od5g8][%mdl 2048] White has the initiative.} Qb6 13. Qa2 Rf8 (13... g5 $11 14. a5 Qf6) 14. a5 Qf6 15. O-O-O {[%emt 0:03:25] And now Qa4 would win.} (15. Qa4 {feels hotter.} Kd8 16. Bg3 Ne5 17. O-O-O) 15... Ne5 16. Bxe5 ({White should play} 16. Rhe1 $16) 16... Qxe5 17. f3 Bg5+ (17... exf3 $11 18. Bxf3 Be6 19. Qa4+ Kf7) 18. Kb1 $16 {[%emt 0:00:25][%cal Of3f4] Black must now prevent f4!} Rf6 $2 {[%emt 0:03:33][%mdl 8192] [#]} (18... Be7 $16 {is a better chance.}) 19. Qc4 $2 ({White has to play} 19. f4 $1 $18 Bxf4 20. Nxf4 Qxf4 21. Bxb7 Bxb7 22. Qg8+ Ke7 23. Qxg7+ Rf7 24. Rd7+ {[%mdl 64] Decoy} Kxd7 25. Qxf7+ Kc8 26. Qe8+ Kc7 27. Qe7+ Kb8 28. Qd8+ Bc8 29. Qb6+ Bb7 30. Rd1 (30. Qxc5 e3 $17)) 19... exf3 20. Bxf3 (20. gxf3 $16 {Strongly threatening f4.} Qc7 21. Ng3) 20... Rb8 $2 (20... Be6 $15 21. Qd3 Qc7) 21. Rhe1 $2 (21. Qg8+ $18 {and the rest is easy.} Rf8 22. Qxh7) 21... Be6 22. Qa4+ Kf8 23. Nd4 $1 Qxh2 24. Nxe6+ {[%emt 0:00:32] Weighted Error Value: White=1.02/Black=0.68} 1-0

[Event "Polish Youth G18 Championship 2023"]
[Site "Jastrzebia Gora"]
[Date "2023.03.18"]
[Round "8.7"]
[White "Jedrzejko, Martyna"]
[Black "Krzyzosiak, Marta"]
[Result "1/2-1/2"]
[ECO "B96"]
[WhiteElo "1629"]
[BlackElo "1778"]
[Annotator "NA RC COMBH"]
[PlyCount "63"]
[EventDate "2023.03.11"]
[EventType "swiss"]
[EventCountry "POL"]
[SourceTitle "playchess.com"]
[Source "ChessBase"]
[SourceQuality "1"]
[TimeControl "40/5400+30:1800+30"]

1. e4 c5 2. Nf3 d6 3. d4 cxd4 4. Nxd4 Nf6 5. Nc3 a6 6. Bg5 e6 7. f4 h6 8. Bh4 Qb6 9. Qd2 Qxb2 10. Rb1 Qa3 11. e5 dxe5 12. fxe5 g5 13. exf6 gxh4 14. Be2 Nd7 15. O-O Qa5 16. Rbd1 h3 17. g3 Bb4 18. Qe3 Bxc3 19. Nxe6 fxe6 20. Qxe6+ Kd8 21. Qe7+ Kc7 22. Qd6+ Kd8 23. f7 Bg7 24. Bg4 Qb5 25. f8=Q+ Rxf8 26. Rxf8+ Bxf8 27. Qxf8+ Kc7 28. Qd6+ Kd8 29. Qf8+ Kc7 30. Qd6+ Kd8 31. Qf8+ Kc7 32. Qd6+ 1/2-1/2

[Event "Polish Youth G18 Championship 2023"]
[Site "Jastrzebia Gora"]
[Date "2023.03.18"]
[Round "8.8"]
[White "Mroz, Lena"]
[Black "Obrochta, Lena"]
[Result "1/2-1/2"]
[ECO "B42"]
[WhiteElo "1635"]
[BlackElo "1673"]
[Annotator "NA RC COMBH"]
[PlyCount "78"]
[EventDate "2023.03.11"]
[EventType "swiss"]
[EventCountry "POL"]
[SourceTitle "playchess.com"]
[Source "ChessBase"]
[SourceQuality "1"]
[TimeControl "40/5400+30:1800+30"]

1. e4 c5 2. Nf3 e6 3. d4 cxd4 4. Nxd4 a6 5. Bd3 Bc5 6. Nb3 Be7 7. Qg4 g6 8. Qe2 d6 9. O-O Nd7 10. a4 Ne5 11. Na3 Nf6 12. Bh6 Nfg4 13. Bd2 O-O 14. h3 Nf6 15. f4 Nxd3 16. Qxd3 d5 17. e5 Ne4 18. Be3 Bd7 19. a5 Bxa3 20. Rxa3 Bb5 21. Qd1 Bxf1 22. Qxf1 Rc8 23. Qd3 Qh4 24. Ra1 Rc6 25. Nd4 Rc7 26. Nf3 Qe7 27. c3 Rfc8 28. Kh2 Qd7 29. Bb6 Rc6 30. Qe3 Nc5 31. Ba7 Ne4 32. Ra3 Rc4 33. Nd2 Nxd2 34. Qxd2 Qb5 35. Bd4 Ra4 36. Rxa4 Qxa4 37. b4 Qb3 38. Qd3 Rc4 39. Qd2 Qb1 1/2-1/2

[Event "Polish Youth G18 Championship 2023"]
[Site "Jastrzebia Gora"]
[Date "2023.03.18"]
[Round "8.9"]
[White "Samol, Julia"]
[Black "Uliasz, Katarzyna"]
[Result "0-1"]
[ECO "B52"]
[WhiteElo "1374"]
[BlackElo "1670"]
[Annotator "NA RC COMBH"]
[PlyCount "106"]
[EventDate "2023.03.11"]
[EventType "swiss"]
[EventCountry "POL"]
[SourceTitle "playchess.com"]
[Source "ChessBase"]
[SourceQuality "1"]
[TimeControl "40/5400+30:1800+30"]

1. e4 c5 2. Nf3 d6 3. Bb5+ Bd7 4. Bxd7+ Qxd7 5. c4 Nc6 6. Nc3 Nf6 7. d4 cxd4 8. Nxd4 e6 9. Be3 Be7 10. O-O O-O 11. f3 Rac8 12. b3 Rfd8 13. Rc1 Ne8 14. Qd2 Bf6 15. Rfd1 Nxd4 16. Bxd4 Bxd4+ 17. Qxd4 b6 18. Qe3 Qb7 19. Rd4 a6 20. Rcd1 Rc5 21. Na4 Rc6 22. Nc3 Rdc8 23. R4d3 Qc7 24. Ne2 b5 25. cxb5 axb5 26. Nd4 Rb6 27. R3d2 Qa7 28. Nxb5 Qb8 29. Nc3 Rbc6 30. Na4 Qb4 31. Qd4 Qa5 32. Qd3 Qa7+ 33. Kh1 Rc1 34. Rxc1 Rxc1+ 35. Rd1 Rc7 36. h3 Qf2 37. Qd2 Qa7 38. Rc1 h6 39. Rxc7 Qxc7 40. Qc3 Qb7 41. Qc1 Nf6 42. Nc3 Qc7 43. Ne2 Qa5 44. Qc8+ Kh7 45. Qc2 g6 46. Kh2 Qe5+ 47. Kg1 Nh5 48. a4 d5 49. exd5 Qe3+ 50. Kf1 exd5 51. Qd1 d4 52. Qxd4 Ng3+ 53. Nxg3 Qxd4 0-1

[Event "Polish Youth G18 Championship 2023"]
[Site "Jastrzebia Gora"]
[Date "2023.03.18"]
[Round "8.10"]
[White "Krzyzosiak, Anna"]
[Black "Labedz, Gabriela"]
[Result "1-0"]
[ECO "A08"]
[WhiteElo "1503"]
[BlackElo "1425"]
[Annotator "NA RC COMBH"]
[PlyCount "97"]
[EventDate "2023.03.11"]
[EventType "swiss"]
[EventCountry "POL"]
[SourceTitle "playchess.com"]
[Source "ChessBase"]
[SourceQuality "1"]
[TimeControl "40/5400+30:1800+30"]

1. Nf3 d5 2. g3 c5 3. Bg2 Nc6 4. O-O Nf6 5. d3 e5 6. Nbd2 Be7 7. e4 O-O 8. Re1 d4 9. Nc4 Qc7 10. a4 Bd7 11. Nh4 a6 12. f4 Bd6 13. Nf5 Ne8 14. Ncxd6 Nxd6 15. fxe5 Nxf5 16. exf5 Bxf5 17. Bf4 Qd7 18. Qh5 Nb4 19. Be4 Bxe4 20. Rxe4 Nd5 21. Bd2 Ne3 22. Bxe3 dxe3 23. Qe2 Qc6 24. Qxe3 b5 25. a5 h6 26. Rf1 Qc7 27. Rg4 Kh7 28. Qe4+ Kh8 29. Qe1 Rae8 30. Re4 b4 31. Qe3 Qxa5 32. Rh4 Qb6 33. Kg2 Qc6+ 34. Kg1 Re6 35. Rc4 Rfe8 36. Qxc5 Qxc5+ 37. Rxc5 Rxe5 38. Rxe5 Rxe5 39. Rxf7 a5 40. Kf1 Kg8 41. Rf4 Rc5 42. Rf2 a4 43. Ke1 Ra5 44. Kd2 g5 45. Rf1 Kg7 46. c3 b3 47. c4 a3 48. Kc3 axb2 49. Rb1 1-0

[Event "Polish Youth G18 Championship 2023"]
[Site "Jastrzebia Gora"]
[Date "2023.03.18"]
[Round "8.11"]
[White "Szczotka, Matylda"]
[Black "Gaczol, Julia"]
[Result "1/2-1/2"]
[ECO "B42"]
[WhiteElo "1451"]
[BlackElo "1419"]
[Annotator "NA RC COMBH"]
[PlyCount "91"]
[EventDate "2023.03.11"]
[EventType "swiss"]
[EventCountry "POL"]
[SourceTitle "playchess.com"]
[Source "ChessBase"]
[SourceQuality "1"]
[TimeControl "40/5400+30:1800+30"]

1. e4 c5 2. Nf3 e6 3. d4 cxd4 4. Nxd4 a6 5. Bd3 Bc5 6. Nb3 Ba7 7. Nc3 Nc6 8. O-O Nge7 9. Re1 e5 10. Be3 d6 11. Bxa7 Rxa7 12. Qd2 O-O 13. Rad1 Be6 14. Bf1 Nc8 15. Ne2 b5 16. Ng3 Rd7 17. f4 Qb6+ 18. Kh1 f6 19. f5 Bf7 20. h4 Rfd8 21. Qe2 d5 22. a3 dxe4 23. Rxd7 Rxd7 24. Nxe4 Nd4 25. Nxd4 Qxd4 26. Qg4 Kh8 27. c3 Qa7 28. Rd1 Rxd1 29. Qxd1 Qe7 30. a4 Be8 31. axb5 axb5 32. c4 bxc4 33. Bxc4 g6 34. Qd5 Kg7 35. fxg6 Bxg6 36. Qg8+ Kh6 37. Nxf6 Qxf6 38. Qxc8 Qxh4+ 39. Kg1 Qd4+ 40. Kh2 Qxb2 41. Qh3+ Kg7 42. Qd7+ Kf6 43. Qd8+ Kg7 44. Qe7+ Kh6 45. Qh4+ Kg7 46. Qe7+ 1/2-1/2

[Event "Polish Youth G18 Championship 2023"]
[Site "Jastrzebia Gora"]
[Date "2023.03.18"]
[Round "8.12"]
[White "Anyz, Monika"]
[Black "Lukasik, Zuzanna"]
[Result "0-1"]
[ECO "B62"]
[WhiteElo "1755"]
[BlackElo "1781"]
[Annotator "NA RC COMBH"]
[PlyCount "108"]
[EventDate "2023.03.11"]
[EventType "swiss"]
[EventCountry "POL"]
[SourceTitle "playchess.com"]
[Source "ChessBase"]
[SourceQuality "1"]
[TimeControl "40/5400+30:1800+30"]

1. e4 c5 2. Nf3 Nc6 3. d4 cxd4 4. Nxd4 Nf6 5. Nc3 d6 6. Bg5 e6 7. Bb5 Bd7 8. Bxc6 Bxc6 9. Qe2 Be7 10. Rd1 Qa5 11. Bd2 Qb6 12. Nb3 O-O 13. O-O a6 14. Kh1 Qc7 15. f4 b5 16. a3 Kh8 17. Nd4 Bb7 18. Rde1 Rac8 19. Nf3 Qc4 20. e5 Qxe2 21. Rxe2 dxe5 22. Nxe5 Nd5 23. f5 Kg8 24. h3 Nxc3 25. Bxc3 Bd5 26. Rd1 Rfd8 27. Ba5 Bxg2+ 28. Kxg2 Rxd1 29. Nd3 Bf6 30. Be1 Rb1 31. b3 Ra1 32. Bb4 Ra2 33. Bc5 g6 34. fxe6 fxe6 35. Kf3 Kf7 36. Ke4 Kg7 37. Nf4 Rc6 38. Nd3 Ra1 39. Rf2 Rh1 40. Nf4 Re1+ 41. Be3 Rd6 42. Nd3 Rxe3+ 43. Kxe3 Bd4+ 44. Ke2 Bxf2 45. Nxf2 Rd5 46. Ke3 h5 47. c4 bxc4 48. bxc4 Ra5 49. Kd4 Rxa3 50. c5 Kf6 51. Ne4+ Ke7 52. c6 Ra4+ 53. Ke5 Rxe4+ 54. Kxe4 Kd6 0-1

[Event "Polish Youth G18 Championship 2023"]
[Site "Jastrzebia Gora"]
[Date "2023.03.18"]
[Round "8.13"]
[White "Lochina, Justyna"]
[Black "Trybus, Dominika"]
[Result "1/2-1/2"]
[ECO "B18"]
[WhiteElo "1645"]
[BlackElo "1543"]
[Annotator "NA RC COMBH"]
[PlyCount "61"]
[EventDate "2023.03.11"]
[EventType "swiss"]
[EventCountry "POL"]
[SourceTitle "playchess.com"]
[Source "ChessBase"]
[SourceQuality "1"]
[TimeControl "40/5400+30:1800+30"]

1. e4 c6 2. d4 d5 3. Nc3 dxe4 4. Nxe4 Bf5 5. Ng3 Bg6 6. h4 h6 7. h5 Bh7 8. Nf3 Nd7 9. Bd3 Bxd3 10. Qxd3 Ngf6 11. Bd2 e6 12. O-O-O Be7 13. c4 O-O 14. Ne4 Nxe4 15. Qxe4 b5 16. c5 Qc7 17. g4 Nf6 18. Qe5 Qxe5 19. Nxe5 Rac8 20. f4 Ne4 21. Be3 Rfd8 22. Rdg1 Rd5 23. Kc2 a5 24. a3 a4 25. b3 axb3+ 26. Kxb3 f6 27. Ng6 Bd8 28. Re1 Kf7 29. Rh2 Ba5 30. Rc1 Ra8 31. Re2 1/2-1/2

[Event "Polish Youth G18 Championship 2023"]
[Site "Jastrzebia Gora"]
[Date "2023.03.18"]
[Round "8.14"]
[White "Pietrzak, Emilia"]
[Black "Bychowska, Marta"]
[Result "1-0"]
[ECO "B00"]
[WhiteElo "1424"]
[BlackElo "1388"]
[Annotator "NA RC COMBH"]
[PlyCount "157"]
[EventDate "2023.03.11"]
[EventType "swiss"]
[EventCountry "POL"]
[SourceTitle "playchess.com"]
[Source "ChessBase"]
[SourceQuality "1"]
[TimeControl "40/5400+30:1800+30"]

1. e4 d6 2. d4 e5 3. Ne2 Nf6 4. Nbc3 exd4 5. Nxd4 Nc6 6. Bc4 Be7 7. f3 a6 8. Nxc6 bxc6 9. Bf4 Be6 10. Qe2 Qb8 11. Bxe6 fxe6 12. Qc4 Qb6 13. O-O-O Rb8 14. b3 Nh5 15. Bd2 d5 16. exd5 cxd5 17. Qg4 Nf6 18. Qxg7 Rg8 19. Qh6 Rxg2 20. Bg5 Qf2 21. Rd2 Qxf3 22. Rd3 Qh5 23. Qxh5+ Nxh5 24. Bxe7 Kxe7 25. Re1 Kd6 26. Ne4+ Kc6 27. Nf6 Nxf6 28. Rxe6+ Kd7 29. Rxf6 Rxh2 30. Rxd5+ Ke7 31. Rxa6 h5 32. Rh6 h4 33. Rdh5 Rb4 34. Rc5 Kd7 35. Rd5+ Ke7 36. Rc5 Kd7 37. Rg5 Rf4 38. Rg7+ Kc8 39. Rhh7 Rff2 40. Rxc7+ Kd8 41. Kb2 h3 42. Rc3 Re2 43. Rhxh3 Rxc2+ 44. Rxc2 Rxh3 45. Ka3 Kd7 46. Ka4 Kd6 47. Ka5 Rh8 48. a4 Rb8 49. Rc3 Kd5 50. Ka6 Kd4 51. Rh3 Kc5 52. Rh5+ Kc6 53. Rh6+ Kc5 54. Rh5+ Kc6 55. Ka5 Rxb3 56. Rh7 Rb8 57. Rh5 Rb3 58. Ka6 Rb8 59. Rh6+ Kc7 60. a5 Rb1 61. Rb6 Rh1 62. Ka7 Rh8 63. Rb2 Rh6 64. a6 Rh1 65. Rc2+ Kd7 66. Rb2 Kc7 67. Rb7+ Kc8 68. Rb5 Kc7 69. Rc5+ Kd8 70. Rc6 Kd7 71. Kb7 Ra1 72. Rh6 Rc1 73. Rh7+ Kd8 74. a7 Rb1+ 75. Ka6 Ra1+ 76. Kb5 Rb1+ 77. Kc4 Rc1+ 78. Kd3 Ra1 79. a8=Q+ 1-0

[Event "Polish Youth G18 Championship 2023"]
[Site "Jastrzebia Gora"]
[Date "2023.03.18"]
[Round "8.15"]
[White "Gornisiewicz, Natalia"]
[Black "Kaznowska, Kinga"]
[Result "1/2-1/2"]
[ECO "D11"]
[WhiteElo "1287"]
[BlackElo "1352"]
[Annotator "NA RC COMBH"]
[PlyCount "108"]
[EventDate "2023.03.11"]
[EventType "swiss"]
[EventCountry "POL"]
[SourceTitle "playchess.com"]
[Source "ChessBase"]
[SourceQuality "1"]
[TimeControl "40/5400+30:1800+30"]

1. d4 d5 2. c4 c6 3. Nf3 Nf6 4. g3 e6 5. Bg2 Bd6 6. O-O O-O 7. Qc2 Nbd7 8. Nbd2 e5 9. dxe5 Nxe5 10. cxd5 Nxd5 11. Nxe5 Bxe5 12. Nc4 Qe7 13. a3 Nb6 14. Nxe5 Qxe5 15. Bf4 Qf6 16. Rfd1 Bf5 17. e4 Be6 18. Bd6 Rfd8 19. e5 Bf5 20. Qxc6 bxc6 21. exf6 Nc4 22. Bxc6 Nxb2 23. Bxa8 Nxd1 24. Rxd1 Rxa8 25. Be7 gxf6 26. Bxf6 Be6 27. f4 a6 28. Kg2 Rc8 29. Rd2 h6 30. h3 Bc4 31. g4 Bb3 32. Kg3 a5 33. f5 a4 34. h4 Bc2 35. Rd6 h5 36. Bd4 hxg4 37. Rh6 f6 38. Rg6+ Kh7 39. Rxf6 Rc4 40. Rf7+ Kg8 41. Rg7+ Kf8 42. Rxg4 Kf7 43. Rf4 Bd1 44. f6 Rc8 45. Re4 Re8 46. Rf4 Bc2 47. Rf2 Rg8+ 48. Kh3 Bb3 49. Be3 Be6+ 50. Kh2 Rg4 51. Bg5 Kg6 52. Rc2 Rc4 53. Re2 Bf7 54. Rg2 Kh5 1/2-1/2

[Event "Polish Youth G18 Championship 2023"]
[Site "Jastrzebia Gora"]
[Date "2023.03.18"]
[Round "8.16"]
[White "Lopusiewicz, Marta"]
[Black "Bartoszek, Julia"]
[Result "0-1"]
[ECO "B30"]
[WhiteElo "1180"]
[BlackElo "1344"]
[Annotator "NA RC COMBH"]
[PlyCount "128"]
[EventDate "2023.03.11"]
[EventType "swiss"]
[EventCountry "POL"]
[SourceTitle "playchess.com"]
[Source "ChessBase"]
[SourceQuality "1"]
[TimeControl "40/5400+30:1800+30"]

1. e4 c5 2. Nf3 Nc6 3. b4 Nxb4 4. c3 Nc6 5. d4 cxd4 6. cxd4 d5 7. exd5 Qxd5 8. Be2 e6 9. O-O Nge7 10. Nc3 Qd8 11. Bf4 Nd5 12. Qc1 Nxf4 13. Qxf4 Bd6 14. Qe3 O-O 15. Rab1 a6 16. a4 Re8 17. Rfc1 Rb8 18. Qd3 Bf4 19. Rc2 Qe7 20. Qc4 Na5 21. Qb4 Qxb4 22. Rxb4 Nc6 23. Rb1 Rd8 24. Rd1 Bd7 25. Ne4 Nb4 26. Rb2 a5 27. Nc5 Bc6 28. Nd3 Nxd3 29. Rxd3 Bxa4 30. Ra3 Bc1 31. Rba2 Bxa3 32. Rxa3 Bc6 33. Rxa5 Bxf3 34. Bxf3 Rxd4 35. Rb5 Rc4 36. g3 b6 37. Kf1 Rc5 38. Rb2 b5 39. Be2 b4 40. Ke1 b3 41. Bd1 g6 42. Ke2 Ra5 43. Rxb3 Rxb3 44. Bxb3 Kf8 45. Kf1 Ke7 46. h3 Ra3 47. Bc2 Ra1+ 48. Kg2 f5 49. g4 f4 50. Kf3 e5 51. g5 Rh1 52. Kg2 Rc1 53. Be4 Rc3 54. h4 Kf8 55. f3 Re3 56. Kf1 Rxe4 57. fxe4 Ke7 58. Ke2 Kd6 59. Kd2 Kc5 60. Kd3 Kb5 61. Kc3 Kc5 62. Kd3 Kb4 63. Ke2 Kc4 64. Kf3 Kd4 0-1

[Event "Polish Youth G18 Championship 2023"]
[Site "Jastrzebia Gora"]
[Date "2023.03.18"]
[Round "8.17"]
[White "Dallemura, Anna"]
[Black "Sivickis, Kornelia"]
[Result "1/2-1/2"]
[ECO "C54"]
[WhiteElo "1496"]
[BlackElo "1328"]
[Annotator "NA RC COMBH"]
[PlyCount "69"]
[EventDate "2023.03.11"]
[EventType "swiss"]
[EventCountry "POL"]
[SourceTitle "playchess.com"]
[Source "ChessBase"]
[SourceQuality "1"]
[TimeControl "40/5400+30:1800+30"]

1. e4 e5 2. Nf3 Nc6 3. Bc4 Bc5 4. c3 Nf6 5. d3 d6 6. a4 a5 7. O-O h6 8. h3 O-O 9. Be3 Ba7 10. Bb3 Be6 11. Bc2 d5 12. Qe2 Bxe3 13. Qxe3 dxe4 14. dxe4 Qe7 15. Nbd2 Rad8 16. Nb3 b6 17. Nc1 Nd7 18. g4 Nc5 19. Ne2 Bc4 20. Rfd1 Bxe2 21. Qxe2 Ne6 22. Qb5 Qf6 23. Kg2 Nf4+ 24. Kg3 Nxh3 25. Qe2 Ng5 26. Nxg5 Qf4+ 27. Kg2 Qxg5 28. Rxd8 Nxd8 29. Bb3 Nc6 30. Rd1 Ne7 31. Kf1 Ng6 32. Rd7 Qc1+ 33. Rd1 Qg5 34. Rd7 Qc1+ 35. Rd1 1/2-1/2

[Event "Polish Youth G18 Championship 2023"]
[Site "Jastrzebia Gora"]
[Date "2023.03.18"]
[Round "8.18"]
[White "Tittor, Weronika"]
[Black "Olszewska, Wiktoria"]
[Result "1-0"]
[ECO "B10"]
[WhiteElo "1226"]
[BlackElo "1287"]
[Annotator "NA RC COMBH"]
[PlyCount "81"]
[EventDate "2023.03.11"]
[EventType "swiss"]
[EventCountry "POL"]
[SourceTitle "playchess.com"]
[Source "ChessBase"]
[SourceQuality "1"]
[TimeControl "40/5400+30:1800+30"]

1. e4 c6 2. Nf3 d5 3. Nc3 dxe4 4. Nxe4 Bg4 5. d4 e6 6. c3 Nf6 7. Ng3 Bd6 8. Bd3 Bxg3 9. hxg3 O-O 10. Qc2 h6 11. Ne5 Bh5 12. f3 Nbd7 13. Nxd7 Qxd7 14. g4 Bg6 15. Bxg6 fxg6 16. Qxg6 Qf7 17. Rxh6 Qxg6 18. Rxg6 Kh7 19. Rg5 Nd5 20. Bd2 Rae8 21. O-O-O Rf7 22. Rh1+ Kg8 23. Rgh5 Rfe7 24. Kc2 e5 25. Rxe5 Rxe5 26. dxe5 Rxe5 27. Re1 Rxe1 28. Bxe1 Ne3+ 29. Kd3 Nxg2 30. Bf2 b6 31. Bg3 g5 32. Ke4 Kg7 33. Kf5 Kh6 34. f4 gxf4 35. Bxf4+ Nxf4 36. Kxf4 Kg6 37. Ke5 Kg5 38. Kd6 c5 39. Kc7 Kxg4 40. Kb7 Kf5 41. Kxa7 1-0

[Event "Polish Youth G18 Championship 2023"]
[Site "Jastrzebia Gora"]
[Date "2023.03.18"]
[Round "8.19"]
[White "Czerwinska, Oliwia"]
[Black "Nagly, Malgorzata"]
[Result "1-0"]
[ECO "A04"]
[WhiteElo "1369"]
[BlackElo "1041"]
[Annotator "NA RC COMBH"]
[PlyCount "77"]
[EventDate "2023.03.11"]
[EventType "swiss"]
[EventCountry "POL"]
[SourceTitle "playchess.com"]
[Source "ChessBase"]
[SourceQuality "1"]
[TimeControl "40/5400+30:1800+30"]

1. Nf3 Nc6 2. g3 e5 3. d3 d5 4. Bg2 f5 5. O-O Nf6 6. b3 Bd6 7. c4 e4 8. dxe4 fxe4 9. Nd4 Be5 10. Bb2 Nxd4 11. Bxd4 Bxd4 12. Qxd4 Be6 13. Qe5 Qe7 14. Nc3 O-O-O 15. cxd5 Nxd5 16. Qxe4 Rhe8 17. Rfd1 c6 18. Nxd5 Bxd5 19. Qxe7 Rxe7 20. Bxd5 cxd5 21. Rac1+ Rc7 22. Kg2 d4 23. f4 Rxc1 24. Rxc1+ Kd7 25. Rd1 Ke6 26. e3 d3 27. Kf3 Rd6 28. e4 Ra6 29. Rd2 Rc6 30. Ke3 Rc3 31. Rxd3 Rc2 32. Rd2 Rc3+ 33. Kd4 Rc7 34. g4 Rd7+ 35. Ke3 Rc7 36. f5+ Kf6 37. h4 Rc5 38. Rd6+ Ke5 39. Re6# 1-0

[Event "Polish Youth G18 Championship 2023"]
[Site "Jastrzebia Gora"]
[Date "2023.03.18"]
[Round "8.20"]
[White "Pietruszka, Julia"]
[Black "Bauer, Marika"]
[Result "1/2-1/2"]
[ECO "C30"]
[WhiteElo "1151"]
[BlackElo "1183"]
[Annotator "NA RC COMBH"]
[PlyCount "61"]
[EventDate "2023.03.11"]
[EventType "swiss"]
[EventCountry "POL"]
[SourceTitle "playchess.com"]
[Source "ChessBase"]
[SourceQuality "1"]
[TimeControl "40/5400+30:1800+30"]

1. e4 e5 2. f4 d6 3. Nf3 Nc6 4. d4 exd4 5. Nxd4 Nxd4 6. Qxd4 Nf6 7. Bc4 Be6 8. O-O c6 9. Bxe6 fxe6 10. e5 Nd5 11. f5 exf5 12. Rxf5 Qb6 13. Qxb6 Nxb6 14. Bf4 O-O-O 15. exd6 Bxd6 16. Bxd6 Rxd6 17. Nc3 Re8 18. Raf1 h6 19. Rf8 Rxf8 20. Rxf8+ Kc7 21. Ne4 Rd8 22. Rxd8 Kxd8 23. Nd6 Na4 24. b3 Nc5 25. Nf5 Ne6 26. Kf2 Kd7 27. Ke3 b6 28. Nd4 Nxd4 29. Kxd4 Ke6 30. g4 g6 31. Ke4 1/2-1/2